 Dungeon Crawl Stone Soup version 0.19.0-11-g3fc08b3 (webtiles) character file.

1056 MovingMist the Slasher (level 8, -3/64 HPs)
             Began as a Demonspawn Gladiator on Nov 9, 2016.
             Was a Follower of Okawaru.
             Slain by a gnoll
             ... wielding a +0 whip
              (10 damage)
             ... on level 5 of the Dungeon.
             The game lasted 00:12:34 (3893 turns).

MovingMist the Slasher (Demonspawn Gladiator)       Turns: 3893, Time: 00:12:35

Health: -3/64      AC:  5    Str: 18    XL:     8   Next: 6%
Magic:  8/8        EV: 16    Int: 10    God:    Okawaru [*.....]
Gold:   195        SH:  0    Dex: 18    Spells: 2 memorised, 4 levels left

rFire  . . .     SeeInvis .     a - +0 long sword
rCold  + . .     Gourm    .     k - +0 ring mail
rNeg   . . .     Faith    .     (no shield)
rPois  .         Spirit   .     (helmet restricted)
rElec  .         Reflect  .     (no cloak)
rCorr  .         Harm     .     (no gloves)
MR     .....                    (no boots)
Stlth  +.........               (no amulet)
                                (no ring)
                                m - +5 ring of dexterity

@: no status effects
A: horns 2, repulsion field 1, cold resistance 1, rot immunity
a: Heroism, Renounce Religion


You were on level 5 of the Dungeon.
You worshipped Okawaru.
Okawaru was aware of your devotion.
You were not hungry.

You visited 2 branches of the dungeon, and saw 6 of its levels.

You collected 195 gold pieces.

Inventory:

Hand Weapons
 a - a +0 long sword (weapon)
Missiles
 d - 3 throwing nets (quivered)
Armour
 k - a +0 ring mail (worn)
Jewellery
 m - a +5 ring of dexterity (left hand)
Wands
 t - a wand of slowing (31/48)
 y - a wand of paralysis (9/24)
Scrolls
 c - 2 scrolls of magic mapping {unknown}
 e - 2 scrolls of fog {unknown}
 g - 3 scrolls of enchant weapon {unknown}
 h - a scroll of random uselessness {unknown}
 i - 3 scrolls of blinking {unknown}
 j - a scroll of teleportation {unknown}
 l - 4 scrolls of identify {unknown}
 q - 2 scrolls of enchant armour {unknown}
 v - a scroll of recharging {unknown}
 w - 2 scrolls of immolation {unknown}
 x - a scroll of amnesia {unknown}
Potions
 n - 2 potions of lignification {unknown}
 o - a potion of resistance {unknown}
 p - a potion of agility {unknown}
 z - a potion of curing {unknown}
 A - a potion of heal wounds {unknown}
 C - 2 potions of mutation {unknown}
Books
 u - a book of Misfortune

   Spells                             Type                      Level
   a - Confusing Touch                Hexes                        1
   b - Confuse                        Hexes                        3
   c - Gell's Gravitas                Hexes/Translocation          3
   d - Petrify                        Transmutation/Earth          4
   e - Metabolic Englaciation         Hexes/Ice                    5
   f - Yara's Violent Unravelling     Hexes/Transmutation          5
 B - a book of Minor Magic

   Spells                             Type                      Level
   a - Magic Dart                     Conjuration                  1
   b - Blink                          Translocation                2
   c - Call Imp                       Summoning                    2
   d - Repel Missiles                 Charms/Air                   2
   e - Slow                           Hexes                        2
   f - Conjure Flame                  Conjuration/Fire             3
   g - Mephitic Cloud                 Conjuration/Poison/Air       3
Comestibles
 b - a beef jerky
 f - 6 bread rations
 r - 4 meat rations
 s - 3 chunks of flesh


   Skills:
 + Level 5.7 Fighting
 * Level 6.1 Long Blades
 - Level 1.7 Throwing
 + Level 5.0 Dodging


You had 4 spell levels left.
You knew the following spells:

 Your Spells              Type           Power        Failure   Level  Hunger
a - Confusing Touch       Hex            #.....       71%         1    ##.....
b - Blink                 Tloc           N/A          89%         2    ###....


Dungeon Overview and Level Annotations

Branches:
Dungeon (5/15)             Temple (1/1) D:4

Altars:
Cheibriados
Dithmenos
Gozag
Kikubaaqudgha
Nemelex Xobeh
Okawaru
Trog
Uskayaw
Xom
Yredelemnul
The Shining One


Innate Abilities, Weirdness & Mutations

You have a pair of horns on your head.
You are surrounded by a mild repulsion field. (EV +2)
Your flesh is cold resistant. (rC+)
You are immune to rotting.


Message History

A gnoll comes into view. It is wielding a whip.
The gnoll shouts!
You see here a whip.
A gnoll comes into view.
The gnoll shouts!
You hit the gnoll but do no damage. The gnoll misses you.
You completely miss the gnoll. The gnoll closely misses you.
The gnoll barely misses you.
You hit the gnoll.
You headbutt the gnoll, but do no damage.
The gnoll is lightly wounded.
The gnoll misses you.
You riposte.
You hit the gnoll.
You headbutt the gnoll, but do no damage.
The gnoll is lightly wounded.
The gnoll hits you with a whip!
* * * LOW HITPOINT WARNING * * *
A gnoll comes into view.
You see here 13 arrows.
The gnoll hits you with a whip!
You die...

# ####..#####
##.....# #####.#
#.# #.# #.# #.#
#####.#####
#....@....# .
#...gg....# ...
#.........# ...g#
#.g....)..#
......#.........#
#....)......#
##..........#
#..........#
#...........#


You could see 3 gnolls.

Vanquished Creatures
  The ghost of Nicoed the Ruffian, an amateur VSMo of Nemelex Xobeh (D:3)
  An ogre (D:4)
  A centaur (D:5)
  The ghost of Turgon the Slasher, an amateur HESk (D:4)
  2 crimson imps (D:5)
  3 hounds
  2 orc priests
  6 orc wizards
  A centaur skeleton (D:5)
  Crazy Yiuf (D:4)
  2 worker ants (D:4)
  A hound zombie (D:5)
  5 adders
  5 gnolls
  An adder skeleton (D:4)
  6 worms
  4 dart slugs
  2 leopard geckos (D:2)
  15 orcs
  A ball python (D:3)
  2 giant cockroaches
  8 hobgoblins
  9 jackals
  5 bats
  5 frilled lizards
  5 goblins
  3 kobolds
  A leopard gecko skeleton (D:5)
  7 rats
106 creatures vanquished.

Notes
Turn   | Place    | Note
-------+----------+-------------------------------------------
     0 | D:1      | MovingMist the Demonspawn Gladiator began the quest for the Orb.
     0 | D:1      | Reached XP level 1. HP: 16/16 MP: 1/1
   192 | D:1      | Gained mutation: You have a pair of small horns on your head. [demonic ancestry]
   192 | D:1      | Reached XP level 2. HP: 15/23 MP: 2/2
   999 | D:2      | Gained mutation: You are surrounded by a mild repulsion field. (EV +2) [demonic ancestry]
   999 | D:2      | Reached XP level 3. HP: 20/28 MP: 3/3
  1059 | D:2      | Reached skill level 3 in Long Blades
  1497 | D:3      | Noticed Nicoed's ghost (amateur VSMo)
  1506 | D:3      | Killed Nicoed's ghost
  1506 | D:3      | Reached XP level 4. HP: 30/37 MP: 4/4
  1506 | D:3      | Reached XP level 5. HP: 35/42 MP: 5/5
  1513 | D:3      | Found a snail-covered altar of Cheibriados.
  1666 | D:3      | Learned a level 1 spell: Confusing Touch
  1854 | D:3      | Found a faded altar of an unknown god.
  1854 | D:3      | Found a faded altar of an unknown god.
  1860 | D:3      | Found a faded altar of an unknown god.
  1862 | D:3      | Found a faded altar of an unknown god.
  1863 | D:3      | Found a shadowy altar of Dithmenos.
  1942 | D:3      | Reached skill level 4 in Long Blades
  2223 | D:4      | Noticed Turgon's ghost (amateur HESk)
  2230 | D:4      | Killed Turgon's ghost
  2230 | D:4      | Gained mutation: You have a pair of horns on your head. [demonic ancestry]
  2230 | D:4      | Reached XP level 6. HP: 39/49 MP: 6/6
  2492 | D:4      | Reached skill level 5 in Long Blades
  2504 | D:4      | Found a runed door.
  2567 | D:4      | Noticed Crazy Yiuf
  2570 | D:4      | Killed Crazy Yiuf
  2570 | D:4      | Gained mutation: You are immune to rotting. [demonic ancestry]
  2570 | D:4      | Reached XP level 7. HP: 55/55 MP: 7/7
  2621 | D:4      | Noticed a moth of wrath
  2624 | D:4      | Found a bloodstained altar of Trog.
  2843 | D:4      | Found a staircase to the Ecumenical Temple.
  2858 | Temple   | Entered the Ecumenical Temple
  2899 | Temple   | Became a worshipper of Warmaster Okawaru
  3117 | D:4      | Reached skill level 5 in Fighting
  3408 | D:5      | Entered Level 5 of the Dungeon
  3706 | D:5      | Learned a level 2 spell: Blink
  3737 | D:5      | Reached * piety under Okawaru
  3779 | D:5      | Reached skill level 6 in Long Blades
  3868 | D:5      | Reached skill level 5 in Dodging
  3868 | D:5      | Gained mutation: Your flesh is cold resistant. (rC+) [demonic ancestry]
  3868 | D:5      | Reached XP level 8. HP: 21/64 MP: 8/8
  3893 | D:5      | Slain by a gnoll

Skill      XL: |  1  2  3  4  5  6  7 |
---------------+----------------------+-----
Dodging        | 3 4 5 |  5.0
Fighting       | 4 5 |  5.7
Long Blades    | 3 4 5 6 |  6.1
Throwing       | |  1.7

Action                   |  1- 3 |  4- 6 |  7- 9 || total
-------------------------+-------+-------+-------++-------
Melee: Long sword        |    75 |   115 |   113 ||   303
       Headbutt          |    18 |    27 |    41 ||    86
 Cast: Confusing Touch   |       |     1 |       ||     1
  Eat: Chunk             |     2 |     4 |     4 ||    10
Armor: Leather armour    |     3 |       |       ||     3
       Ring mail         |    12 |    15 |    30 ||    57
Dodge: Dodged            |    57 |    89 |    88 ||   234
       Rpst.: Long sword |    14 |    25 |    30 ||    69
